 Dungeon Crawl Stone Soup version 0.17-a0-1741-gd5e8965 (webtiles) character file.

261 KambridgeKobold the Magician (level 5, -5/28 HPs)
             Began as a Deep Elf Conjurer on Aug 31, 2015.
             Slain by Crazy Yiuf
             ... wielding a +2 quarterstaff of chaos
              (8 damage)
             ... on level 3 of the Dungeon.
             The game lasted 00:12:45 (3881 turns).

KambridgeKobold the Magician (Deep Elf Conjurer)    Turns: 3881, Time: 00:12:45

Health: -5/28      AC:  2    Str:  6    XL:     5   Next: 96%
Magic:  12/15      EV: 21    Int: 20    God:
Gold:   153        SH:  0    Dex: 20    Spells: 4 memorised, 6 levels left

rFire  . . .     SeeInvis .     x - +1 dagger (venom)
rCold  . . .     Clarity  .     a - +0 robe
rNeg   . . .     SustAt   .     (no shield)
rPois  .         Gourm    .     (no helmet)
rElec  .         Spirit   .     (no cloak)
rCorr  .         Warding  .     (no gloves)
rMut   .         Stasis   .     (no boots)
MR     .....                    (no amulet)
Stlth  ++++......               (no ring)
                                e - +3 ring of evasion

@: agile, lethally poisoned (-5 -> -14), drained, not resistant to hostile
enchantments, stealthy
A: no striking features
a: no special abilities


You were on level 3 of the Dungeon.
You were hungry.

You visited 1 branch of the dungeon, and saw 3 of its levels.

You collected 153 gold pieces.

Inventory:

Hand weapons
 h - a +0 short sword
 p - a +0 long sword
 r - a +0 rapier
 x - a +1 dagger of venom (weapon)
Armour
 a - a +0 robe (worn)
Jewellery
 e - a +3 ring of evasion (left hand)
 f - an uncursed ring of fire
 t - an uncursed amulet of warding {unknown}
 y - an uncursed ring of stealth {unknown}
Magical devices
 z - a wand of teleportation (4)
Scrolls
 d - 2 scrolls of immolation {unknown}
 i - 2 scrolls of teleportation {unknown}
 l - 4 scrolls of remove curse {unknown}
 n - 3 scrolls of random uselessness {unknown}
 o - a scroll of blinking {unknown}
 v - a scroll of noise {unknown}
 A - a scroll of identify {unknown}
Potions
 k - a potion of degeneration {unknown}
 m - 2 potions of curing {unknown}
 q - a potion of ambrosia {unknown}
 s - 2 potions of agility
 w - a potion of berserk rage {unknown}
Books
 b - a book of Conjurations

   Spells                             Type                      Level
   a - Magic Dart                     Conjuration                  1
   b - Searing Ray                    Conjuration                  2
   c - Dazzling Spray                 Conjuration/Hexes            3
   d - Fulminant Prism                Conjuration/Hexes            4
   e - Iskenderun's Mystic Blast      Conjuration                  4
   f - Iskenderun's Battlesphere      Conjuration/Charms           5
Comestibles
 c - a bread ration
 g - 4 meat rations
 j - 3 fruits
 u - a beef jerky
 B - a chunk of flesh


   Skills:
 - Level 2.4(2.1) Dodging
 + Level 5.4(5.1) Stealth
 + Level 6.1(5.8) Spellcasting
 - Level 5.0(4.7) Conjurations
 + Level 0.3(0.1) Hexes


You had 6 spell levels left.
You knew the following spells:

 Your Spells              Type           Power        Failure   Level  Hunger
a - Magic Dart            Conj           ###.         1%          1    None
b - Searing Ray           Conj           ###...       2%          2    None
c - Dazzling Spray        Conj/Hex       ###.....     14%         3    ##.....
d - Iskenderun's Mystic   Conj           ###.....     17%         4    ####...


Dungeon Overview and Level Annotations

Branches:
Dungeon (3/15)

Altars:
Trog
The Shining One

Annotations:
D:3 Crazy Yiuf


Message History

Aiming: Searing Ray
Press: ? - help, Shift-Dir - straight line, f/p - Crazy Yiuf
Aim: Crazy Yiuf, wielding a quarterstaff of chaos and wearing an embroidered cloak (heavily wounded)
The searing ray hits Crazy Yiuf.
Crazy Yiuf is almost dead.
Crazy Yiuf whimpers, "Snoogle chair arga!"
Crazy Yiuf hits you with a quarterstaff of chaos.
You are poisoned.
The searing ray misses Crazy Yiuf.
You feel sick.
Crazy Yiuf hits you with a quarterstaff of chaos!
* * * LOW HITPOINT WARNING * * *
Crazy Yiuf freezes you.
* * * LOW HITPOINT WARNING * * *
Drink which item? (? for menu, Esc to quit)
It was a potion of agility.
You feel agile all of a sudden.
* * * LOW HITPOINT WARNING * * *
You feel sick.
Crazy Yiuf hits you with a quarterstaff of chaos!
You die...

#####>####
#.# ###
#.# #.#
#.# #.#
#.# #.#
#g# #@#
#.# #.#
#.# #.#
#.# #.#
#.# #<#


You could see Crazy Yiuf.

Vanquished Creatures
  The ghost of DEFE the Digger, an average DgEE (D:3)
  Ijyb (D:3)
  Natasha (thrice) (D:3)
  A worker ant (D:3)
  2 adders
  An ooze (D:3)
  4 worms
  A giant gecko (D:2)
  3 giant cockroaches
  8 goblins
  11 hobgoblins
  2 jackals (D:3)
  A quokka (D:2)
  8 bats
  4 giant newts
  8 kobolds
  5 rats
64 creatures vanquished.

Vanquished Creatures (others)
  2 fungi (D:3)
2 creatures vanquished.

Grand Total: 66 creatures vanquished

Notes
Turn   | Place    | Note
--------------------------------------------------------------
     0 | D:1      | KambridgeKobold the Deep Elf Conjurer began the quest for the Orb.
     0 | D:1      | Reached XP level 1. HP: 10/10 MP: 6/6
   243 | D:1      | Reached XP level 2. HP: 15/15 MP: 6/8
   247 | D:1      | Learned a level 2 spell: Searing Ray
   928 | D:1      | Reached skill level 5 in Conjurations
  1274 | D:2      | Reached XP level 3. HP: 19/19 MP: 7/10
  1463 | D:2      | Found a glowing golden altar of the Shining One.
  1719 | D:2      | Found a bloodstained altar of Trog.
  1980 | D:3      | Noticed Natasha
  1986 | D:3      | Learned a level 3 spell: Dazzling Spray
  1998 | D:3      | Killed Natasha
  1998 | D:3      | Reached XP level 4. HP: 24/24 MP: 4/12
  2004 | D:3      | Learned a level 4 spell: Iskenderun's Mystic Blast
  2015 | D:3      | Noticed DEFE's ghost (average DgEE)
  2291 | D:3      | Reached skill level 5 in Spellcasting
  2640 | D:3      | Noticed Crazy Yiuf
  2641 | D:3      | Noticed Natasha
  2660 | D:3      | Killed Natasha
  2976 | D:3      | Noticed Natasha
  3047 | D:3      | Noticed Ijyb
  3056 | D:3      | Killed Ijyb
  3056 | D:3      | Reached XP level 5. HP: 25/28 MP: 5/14
  3377 | D:3      | Killed DEFE's ghost
  3377 | D:3      | Reached skill level 5 in Stealth
  3377 | D:3      | Reached skill level 6 in Spellcasting
  3616 | D:3      | Killed Natasha
  3881 | D:3      | Slain by Crazy Yiuf

Vault maps used:
D:1:      sevenhm_arrival_forest_fort_large_4
D:2:      tso_altar, lemuel_round_altar, kennysheep_generic_room_13
D:3:      uniq_iyjb, uniq_natasha, uniq_crazy_yiuf_cottage

Action                   |  1- 3 |  4- 6 || total
-------------------------+-------+-------++-------
Melee: Unarmed           |     1 |       ||     1
       Short sword       |     6 |       ||     6
       Rapier            |       |     7 ||     7
 Cast: Magic Dart        |    68 |    20 ||    88
       Searing Ray       |     3 |    14 ||    17
       Dazzling Spray    |     1 |     2 ||     3
       Iskenderun's Myst |       |     2 ||     2
  Use: Potion            |       |     1 ||     1
 Stab: Sleeping          |     3 |       ||     3
  Eat: Chunk             |     3 |     6 ||     9
